Map: Acid Plant LE

Players

Breath - Winner!

  • Race: Zerg Zerg
  • League: Master
  • Spawn Location: 11:00

AGIANTSMURF

  • Race: Protoss Protoss
  • League: Master
  • Spawn Location: 5:00

VOD

Have the link to the VOD?

Description

Time

  • Played on: April 24, 2018, 8:46 p.m.
  • Length: 9:34
Show
View Real Time Build Order
Export as new Build Order

Breath Zerg - Winner!

Build Orders: Hatch First 

Get SALT Encoding   

  12  0:01  Drone  
  13  0:12  Overlord  
  13  0:17  Drone  
  14  0:30  Drone x2  
  14  0:35  Drone  
  17  0:53  Hatchery  
  17  0:56  Drone  
  17  1:00  Drone  
  18  1:11  Extractor  
  17  1:15  Spawning Pool  
  17  1:18  Drone  
  17  1:22  Drone  
  18  1:29  Drone  
  19  1:41  Overlord  
  19  2:02  Zergling x2  
  19  2:03  Zergling x2, Queen  
  19  2:05  Queen  
  19  2:06  Drone  
  26  2:14  Metabolic Boost  
  26  2:16  Drone x2  
  28  2:23  Drone  
  28  2:29  Drone  
  30  2:33  Drone  
  31  2:43  Zergling x2  
  32  2:47  Overlord  
  32  2:48  Hatchery  
  31  2:54  Drone x2  
  33  3:03  Drone  
  34  3:13  Drone x5  
  34  3:16  Drone x3  
  34  3:18  Overlord  
  42  3:33  Drone x2  
  43  3:39  Drone  
  44  3:43  Extractor x2  
  44  3:46  Spore Crawler  
  44  3:47  Spore Crawler, Queen  
  44  3:48  Overlord  
  42  3:50  Drone x5  
  42  3:51  Drone  
  42  3:55  Extractor  
  47  3:58  Zergling x2  
  47  3:59  Zergling x2  
  49  4:13  Drone x4  
  49  4:14  Roach Warren  
  49  4:15  Queen  
  54  4:22  Drone x3  
  54  4:24  Overlord  
  57  4:31  Spore Crawler  
  55  4:34  Drone  
  57  4:41  Overlord x2  
  57  4:44  Overlord x2  
  57  4:48  Drone x2  
  57  4:50  Lair  
  59  4:55  Spore Crawler  
  59  4:58  Roach x3  
  64  5:01  Roach  
  66  5:09  Roach x3  
  72  5:14  Roach  
  72  5:15  Roach  
  76  5:22  Roach x3  
  82  5:35  Roach x5  
  92  5:36  Roach  
  94  5:49  Glial Reconstitution  
  94  5:50  Roach  
  94  5:51  Overlord x2  
  94  5:57  Overseer  
  96  5:58  Overlord x2  
  96  6:05  Overlord x2  
  96  6:07  Drone  
  98  6:11  Drone x4  
  98  6:16  Roach x3  
  109  6:25  Roach  
  109  6:26  Roach x3  
  109  6:29  Roach  
  109  6:30  Roach  
  109  6:32  Overlord  
  119  6:35  Roach  
  119  6:37  Roach  
  123  6:46  Roach x3  
  123  6:47  Roach  
  129  6:52  Roach x3  
  134  7:03  Roach x4  
  134  7:04  Roach  
  141  7:12  Overlord  
  141  7:13  Overlord x2  
  141  7:20  Overlord x3  
  141  7:29  Overlord x2  
  137  7:32  Spine Crawler  
  136  7:39  Roach x5  
  136  7:40  Roach  
  144  7:44  Roach x2  
  144  7:47  Roach  
  144  7:50  Roach x2  
  142  7:58  Roach x4  
  150  8:00  Roach  
  142  8:13  Roach x3  
  142  8:14  Roach x3  
  148  8:22  Drone  
  149  8:31  Roach x3  
  149  8:34  Roach  
  149  8:39  Roach  
  141  8:42  Roach  
  137  8:49  Roach x2  
  137  8:53  Roach  
  140  8:58  Roach x2  
  136  9:09  Drone x3  
  135  9:14  Hydralisk Den  
  129  9:25  Spine Crawler  
Show
View Real Time Build Order
Export as new Build Order

AGIANTSMURF Protoss 

Build Orders: 1 Gate Expand, Oracle Opening, Phoenix Opening, Zealot Archon 

Get SALT Encoding   

  12  0:01  Probe  
  13  0:13  Probe  
  14  0:20  Pylon  
  14  0:25  Probe  
  15  0:36  Probe  
  15  0:38  Gateway  
  16  0:44  Probe, Assimilator  
  17  0:53  Probe  
  18  1:01  Probe  
  18  1:09  Probe  
  20  1:29  Nexus  
  20  1:40  Cybernetics Core  
  20  1:41  Probe  
  20  1:46  Assimilator  
  21  1:53  Pylon  
  21  1:56  Probe  
  22  2:09  Adept  
  22  2:10  Probe  
  23  2:16  Stargate  
  23  2:22  Probe  
  26  2:31  Warp Gate  
  26  2:34  Probe  
  27  2:38  Adept  
  27  2:42  Probe  
  30  2:46  Probe  
  31  2:54  Probe  
  32  2:59  Oracle, Probe, Gateway  
  36  3:17  Probe x2  
  38  3:22  Pylon  
  38  3:24  Adept  
  40  3:29  Probe x2  
  42  3:36  Phoenix  
  43  3:41  Probe x2  
  46  3:49  Twilight Council  
  46  3:50  Assimilator  
  46  3:53  Probe x2  
  46  3:54  Assimilator  
  48  4:00  Robotics Facility  
  48  4:05  Probe  
  48  4:07  Probe  
  50  4:17  Probe  
  50  4:19  Probe  
  50  4:21  Pylon  
  52  4:26  Pylon  
  52  4:29  Probe  
  52  4:30  Charge  
  53  4:34  Probe  
  54  4:41  Probe  
  54  4:44  Templar Archives  
  55  4:46  Probe  
  55  4:47  Gateway  
  55  4:48  Gateway, Observer  
  55  4:50  Gateway  
  57  5:00  Zealot x2  
  57  5:03  Warp Prism  
  57  5:06  Pylon  
  63  5:10  Pylon  
  63  5:11  Pylon  
  61  5:21  High Templar x2  
  67  5:32  Probe x2  
  66  5:38  Archon  
  66  5:44  Probe  
  67  5:50  High Templar  
  67  5:51  High Templar  
  67  5:52  Zealot  
  67  5:53  Zealot x2  
  67  5:54  Archon  
  67  5:55  Probe  
  67  5:56  Probe  
  79  5:58  Immortal  
  83  6:13  Nexus  
  83  6:15  Pylon x2  
  83  6:17  Pylon  
  83  6:18  Zealot x3  
  89  6:27  Probe  
  89  6:28  Probe  
  89  6:30  Pylon  
  91  6:43  Zealot  
  91  6:44  Zealot x4  
  100  6:51  Immortal  
  98  6:56  Shield Battery  
  98  6:57  Probe x2  
  104  7:15  Probe x2  
  102  7:23  Gateway x2  
  102  7:25  Gateway  
  102  7:27  Immortal, Probe  
  99  7:32  Zealot x5  
  109  7:56  Zealot x5  
  85  8:19  Zealot x2  
  87  8:20  Zealot  
  89  8:31  Immortal  
  60  8:42  Zealot x4  
  60  8:43  Zealot x2  
  47  9:05  Zealot x2  
  47  9:06  Zealot x4  
Tags
 
Add a new tag
Caveats
  • Supply blocks, unpowered buildings, or Contaminate may cause inaccurate times.
  • Supply counts are checked every 10 seconds.